 Dungeon Crawl Stone Soup version 0.23.0 (webtiles) character file.

Game seed: 17391886230016162659

1412 Monsterracer the Slicer (level 9, -6/55 HPs)
             Began as a Kobold Chaos Knight on Feb 11, 2019.
             Was a Plaything of Xom.
             Mangled by an orc warrior
             ... wielding a +0 glaive
              (17 damage)
             ... on level 6 of the Dungeon.
             The game lasted 00:11:12 (5588 turns).

Monsterracer the Slicer (Kobold Chaos Knight)       Turns: 5588, Time: 00:11:13

Health: -6/55      AC: 10    Str: 11      XL:     9   Next: 2%
Magic:  11/11      EV: 19    Int: 12 (13) God:    Xom [.*....]
Gold:   249        SH:  0    Dex: 14      Spells: 7/8 levels left

rFire    . . .     SeeInvis .   b - +1 scimitar (holy)
rCold    . . .     Gourm    .   (shield restricted)
rNeg     . . .     Faith    .   A - +2 leather armour
rPois    .         Spirit   .   l - +1 helmet
rElec    .         Reflect  .   y - scarf {repulsion}
rCorr    .         Harm     .   (no gloves)
MR       ++...     Clarity  +   C - +0 pair of boots
Stlth    +++.......             i - amulet of regeneration
HPRegen  0.58/turn              (no ring)
MPRegen  0.12/turn              (no ring)

@: repel missiles
A: small, repulsion field 1, icy blue scales 1, yellow scales 1, carnivore,
clarity, deformed body, deterioration 1, magic resistance 2, weak 1
a: Renounce Religion


You were on level 6 of the Dungeon.
You worshipped Xom.
You were a plaything of Xom.
You were completely stuffed.

You visited 1 branch of the dungeon, and saw 6 of its levels.
You also visited: Ossuary.

You collected 249 gold pieces.

Inventory:

Hand Weapons
 a - a +0 dagger of holy wrath
 b - a +1 scimitar of holy wrath (weapon)
Missiles
 g - 10 poisoned needles
 k - 12 tomahawks (quivered)
 B - a throwing net {!f}
Armour
 l - a +1 helmet (worn)
 o - a +0 cloak
 y - a scarf of repulsion (worn)
 A - a +2 leather armour (worn)
 C - a +0 pair of boots (worn)
Jewellery
 i - an amulet of regeneration (around neck)
 z - an uncursed ring of ice
Wands
 w - a wand of flame (11)
Scrolls
 d - a scroll of fear {!r}
 m - 2 scrolls of magic mapping
 r - 3 scrolls of remove curse
 t - 3 scrolls of teleportation {!r}
 X - a scroll of blinking
Potions
 e - a potion of curing
 h - a potion of might
 j - a potion of brilliance
 n - 2 potions of ambrosia {unknown}
 p - 2 potions of haste
 q - 2 potions of magic {unknown}
 s - 2 potions of flight {unknown}
 u - 3 potions of lignification
 v - 3 potions of heal wounds {unknown}
 x - 2 potions of berserk rage {unknown}
 E - a potion of mutation {unknown}
Comestibles
 c - 14 rations


   Skills:
 + Level 6.0 Fighting
 - Level 8.0(8.6) Short Blades
 * Level 2.9(4.3) Long Blades
 - Level 0.7 Armour
 + Level 5.9 Dodging
 + Level 4.7 Stealth
 + Level 3.8 Evocations


You had 7 spell levels left.
You knew the following spells:

 Your Spells              Type           Power        Failure   Level  Hunger
z - Apportation           Tloc           #.....       41%         1    ##.....

Your spell library contained the following spells:

 Spells                   Type           Power        Failure   Level  Hunger
 Animate Skeleton         Necr           N/A          41%         1    ##.....
 Confusing Touch          Hex            #.....       41%         1    ##.....
 Summon Small Mammal      Summ           #...         41%         1    ##.....


Dungeon Overview and Level Annotations

Branches:
Dungeon (6/15)             Temple (0/1) D:4

Altars:
Elyvilon
Nemelex Xobeh
Qazlal
Vehumet


Innate Abilities, Weirdness & Mutations

You are small and have problems with some larger weapons.
You are carnivorous and can eat meat at any time.
You are surrounded by a mild repulsion field. (EV +2)
You are partially covered in icy blue scales. (AC +2)
You are partially covered in yellow scales. (AC +2)
You possess an exceptional clarity of mind.
Armour fits poorly on your strangely shaped body.
Your body sometimes deteriorates upon taking damage.
You are highly resistant to hostile enchantments. (MR++)
You are weak. (Str -2)


Message History

a +2 vampiric dagger; a +0 robe; a +0 short sword; an orc corpse Drop what? 30/52 slots (_ for help) (? for menu, Esc to quit)
Okay, then.
Things that are here:
a +0 flail; a cursed -2 leather armour; an orc corpse You butcher the orc corpse.
f - a chunk of flesh
Things that are here:
a +0 flail; a cursed -2 leather armour; an orc skeleton You regained 2 hp, and now have 36/51 hp.
Things that are here:
a +0 dagger of holy wrath; a +0 robe There isn't anything to butcher here.
You now have 243 gold pieces (gained 5).
Eating a chunk of flesh.
You eat the chunk of flesh.
This raw flesh tastes great.
You see here a +0 dagger.
Items here: )) [ † a +2 vampiric dagger; a +0 robe; a +0 short sword; an orc corpse You now have 249 gold pieces (gained 6).
Found a hunting sling.
Health restored: 51 Unknown command.
Search for what [? for help]? dag
Things that are here:
a +0 dagger of holy wrath; a +0 robe Drop what? 30/52 slots (_ for help) (? for menu, Esc to quit)
You drop a +0 short sword of chaos.
a - a +0 dagger of holy wrath Your +1 scimitar of holy wrath stops glowing.
Your +0 dagger of holy wrath softly glows with a divine radiance!
a - a +0 dagger of holy wrath (weapon)
Your +0 dagger of holy wrath stops glowing.
Your +1 scimitar of holy wrath softly glows with a divine radiance!
b - a +1 scimitar of holy wrath (weapon)
Found a chain mail.
Found a stone staircase leading up.
Found 19 stones.
An adder and an orc wizard come into view.
The orc wizard is wielding a +0 dagger of speed.
The orc wizard shouts!
You hear a shout!
An orc warrior comes into view. It is wielding a +0 glaive.
The adder moves out of view.
The orc warrior shouts!
Found a sparkling altar of Nemelex Xobeh.
There are monsters nearby!
The adder hisses angrily.
An orc comes into view. It is wielding a +0 club.
The orc warrior hits you from afar with a +0 glaive!!
You take 23 damage, and have 28/51 hp.
MASSIVE DAMAGE!!
The orc wizard casts a spell at you. The magic dart hits you.
You take 4 damage, and have 26/51 hp.
Xom's power touches on you for a moment.
Flames sear your flesh.
You are now a plaything of Xom.
You slash the orc wizard!
The orc wizard is heavily wounded.
The orc wizard barely misses you.
You slash the orc wizard!
You kill the orc wizard!
Your Fighting skill increases to level 6!
You have reached level 9!
Your experience leads to an increase in your attributes!
Your base attributes are Str 12, Int 13, Dex 14.
Increase (S)trength, (I)ntelligence, or (D)exterity?
You feel stronger. The orc warrior barely misses you. The adder misses you.
You riposte.
You slash the adder!
The adder is almost dead.
You regained 3 hp, and now have 31/55 hp.
MP restored: 11 You miss the adder.
The adder is almost dead.
The adder closely misses you. The adder completely misses you.
You closely miss the adder.
The adder is almost dead.
The adder misses you.
You riposte.
You barely miss the adder.
The adder is almost dead.
The adder completely misses you.
You barely miss the adder.
The adder is almost dead.
The adder barely misses you.
You hit the adder but do no damage.
The adder is almost dead.
The adder bites you. The adder bites you but does no damage.
The orc warrior hits you from afar with a +0 glaive!!
* * * LOW HITPOINT WARNING * * *
Your body deteriorates!
You feel dopey.
You take 24 damage, and have 10/55 hp.
MASSIVE DAMAGE!!
Unknown command.
You closely miss the adder.
The adder is almost dead.
The adder barely misses you.
You riposte.
You miss the adder.
The adder is almost dead.
The adder bites you.
* * * LOW HITPOINT WARNING * * *
The orc warrior hits you from afar with a +0 glaive!
You die...
Xom bursts into laughter!

#...######## #.# ######### #..(#
######<# #.......#
#######...######......###.......#
#......................)).......#
................................#
.................#.....)).......#
.######...######.............>..#
.# #...# ####.#.#...#........# .#
#...# #...@......#..####### ##
#....>##.##S.........# #
#..........o##.#.##### ##
..##[##o##.#...# .# #.##)##.###.#
.# #.......# #.# # ..
####.#####....# .⌠.⌠####.#
#.#....) .._......# #. ..####


You could see an orc warrior, an adder and an orc.

Vanquished Creatures
  4 ogres
  A crimson imp (D:6)
  2 centaur zombies (D:6)
  2 jellies
  An orc priest (D:6)
  4 hounds
  3 orc wizards (D:6)
  A bullfrog skeleton (D:6)
  A centaur skeleton (D:4)
  Crazy Yiuf (D:2)
  2 iguanas (D:4)
  Terence (D:2)
  4 worker ants
  A killer bee zombie (D:5)
  6 big kobold zombies (Ossuary)
  A mummy (Ossuary)
  A worker ant zombie (D:5)
  Robin (D:2)
  A howler monkey skeleton (D:5)
  7 gnolls
  5 adders
  A river rat (D:4)
  3 oozes
  2 adder skeletons
  A worm (D:4)
  2 dart slugs
  A leopard gecko (D:3)
  10 orcs
  3 spectral bats (Ossuary)
  4 bats
  3 giant cockroaches
  6 gnoll zombies (Ossuary)
  16 goblins
  11 hobgoblins
  A ball python (D:2)
  4 bat simulacra (Ossuary)
  2 frilled lizards
  3 goblin simulacra (Ossuary)
  6 goblin zombies (Ossuary)
  7 hobgoblin zombies (Ossuary)
  A jackal zombie (D:5)
  2 kobolds
  3 kobold simulacra (Ossuary)
  4 kobold zombies (Ossuary)
  An orc zombie (Ossuary)
  5 rats
  A rat simulacrum (Ossuary)
  3 spectral goblins (Ossuary)
  2 spectral kobolds (Ossuary)
  4 spectral rats (Ossuary)
162 creatures vanquished.

Notes
Turn   | Place    | Note
-------+----------+-------------------------------------------
     0 | D:1      | Monsterracer the Kobold Chaos Knight began the quest for
                  | the Orb.
     0 | D:1      | Reached XP level 1. HP: 14/14 MP: 1/1
    81 | D:1      | XOM: harmless Chrm miscast
   308 | D:1      | Reached XP level 2. HP: 19/19 MP: 2/2
   472 | D:1      | XOM: silly message
   482 | D:1      | Reached XP level 3. HP: 23/23 MP: 3/3
   953 | D:2      | HP: 11/23 [gnoll (7)]
   959 | D:1      | HP: 11/23 [gnoll (3)]
   975 | D:1      | XOM: silly message
   976 | D:1      | HP: 11/23 [gnoll (4)]
   980 | D:1      | Reached skill level 5 in Short Blades
  1011 | D:1      | Reached XP level 4. HP: 23/29 MP: 4/4
  1031 | D:2      | HP: 13/29 [gnoll/+3 flail (6)]
  1032 | D:2      | XOM: divination: magic mapping
  1135 | D:2      | Noticed Robin
  1214 | D:1      | XOM is BORED!
  1284 | D:2      | Found a faded altar of an unknown god.
  1352 | D:2      | Killed Robin
  1422 | D:2      | Reached XP level 5. HP: 33/33 MP: 5/5
  1509 | D:2      | Noticed Terence
  1522 | D:2      | Killed Terence
  1522 | D:2      | Reached skill level 6 in Short Blades
  1551 | D:2      | Found a runed translucent door.
  1552 | D:2      | Noticed Crazy Yiuf
  1598 | D:2      | XOM: medium Ice miscast
  1620 | D:2      | Killed Crazy Yiuf
  2016 | D:3      | XOM: noise
  2205 | D:3      | XOM: god gift: iridescent war axe {god gift}
  2206 | D:3      | Got an iridescent war axe {god gift}
  2207 | D:3      | Identified the +2 war axe of Obsession {chaos, rPois Int+2
                  | Dex-2} (Xom gifted it to you on level 3 of the Dungeon)
  2295 | D:3      | Found a radiant altar of Vehumet.
  2633 | D:3      | XOM: harmless Air miscast
  2654 | D:4      | Reached XP level 6. HP: 39/39 MP: 6/6
  2657 | D:4      | XOM: 7-stop teleportation journey
  2813 | D:4      | Noticed a phantom
  2833 | D:4      | XOM: 1-stop teleportation journey
  2920 | D:4      | Reached skill level 7 in Short Blades
  2926 | D:4      | XOM: stat loss: -1 Dex (13/14)
  2939 | D:4      | Reached skill level 1 in Stealth
  3005 | D:4      | XOM: give mutations
  3005 | D:4      | Gained mutation: Armour fits poorly on your strangely
                  | shaped body. [Xom's mischief]
  3005 | D:4      | Gained mutation: You expend magic power (3 MP) to
                  | strengthen your wands. [Xom's mischief]
  3010 | D:4      | Reached skill level 1 in Evocations
  3012 | D:4      | Found a staircase to the Ecumenical Temple.
  3035 | D:4      | XOM: give mutations
  3035 | D:4      | Gained mutation: You are resistant to hostile enchantments.
                  | (MR+) [Xom's mischief]
  3035 | D:4      | Gained mutation: You are weak. (Str -2) [Xom's mischief]
  3035 | D:4      | Gained mutation: You are partially covered in icy blue
                  | scales. (AC +2) [Xom's mischief]
  3035 | D:4      | Lost mutation: You are weak. (Str -2) [Xom's mischief]
  3065 | D:4      | XOM: 4-stop teleportation journey
  3168 | D:4      | XOM: polymorph giant cockroach -> river rat
  3171 | D:4      | XOM: 1-stop teleportation journey
  3173 | D:4      | XOM: give mutation
  3173 | D:4      | Gained mutation: Your body sometimes deteriorates upon
                  | taking damage. [Xom's mischief]
  3180 | D:4      | HP: 18/39 [iguana (10)]
  3184 | D:4      | XOM: butterfly on damage
  3196 | D:4      | HP: 4/39 [iguana (12)]
  3223 | D:4      | HP: 17/39 [iguana (1)]
  3226 | D:4      | HP: 6/39 [iguana (12)]
  3226 | D:4      | XOM: butterfly on damage
  3235 | D:4      | XOM: give mutations
  3235 | D:4      | Gained mutation: Your body often deteriorates upon taking
                  | damage. [Xom's mischief]
  3235 | D:4      | Gained mutation: You are weak. (Str -2) [Xom's mischief]
  3235 | D:4      | Lost mutation: Your body often deteriorates upon taking
                  | damage. [Xom's mischief]
  3246 | D:4      | HP: 6/39 [iguana (11)]
  3277 | D:4      | XOM: confusion
  3285 | D:4      | Reached XP level 7. HP: 29/44 MP: 7/7
  3288 | D:4      | HP: 21/44 [worker ant (3)]
  3293 | D:4      | HP: 18/44 [worker ant (5)]
  3301 | D:4      | HP: 17/44 [something (4)]
  3333 | D:4      | XOM: enchant monster (bad)
  3335 | D:4      | XOM: chaos upgrade
  3767 | D:4      | HP: 14/44 [ogre/+4 giant club of chaos (10)]
  3769 | D:4      | Reached skill level 5 in Fighting
  3881 | D:5      | Entered Level 5 of the Dungeon
  3975 | D:5      | XOM: summons 3 hostile demons
  3976 | D:5      | Noticed a soul eater
  3998 | D:5      | XOM: butterfly on damage
  4002 | D:5      | XOM: enchant monster (bad)
  4015 | D:5      | XOM: medium Pois miscast
  4107 | D:5      | XOM: give mutations
  4107 | D:5      | Gained mutation: You are dopey. (Int -2) [Xom's mischief]
  4107 | D:5      | Lost mutation: You are dopey. (Int -2) [Xom's mischief]
  4107 | D:5      | Gained mutation: You are highly resistant to hostile
                  | enchantments. (MR++) [Xom's mischief]
  4113 | D:5      | HP: 18/44 [acid (12)]
  4124 | D:4      | HP: 18/44 [acid (5)]
  4129 | D:4      | Reached skill level 8 in Short Blades
  4172 | D:5      | Found a sand-covered staircase.
  4172 | D:5      | XOM: summons 4 hostile shadow creatures
  4177 | Ossuary  | Entered an ossuary
  4308 | Ossuary  | Reached XP level 8. HP: 49/49 MP: 9/9
  4321 | Ossuary  | Reached skill level 5 in Dodging
  4371 | Ossuary  | XOM: smoke on damage
  4414 | Ossuary  | Reached skill level 1 in Long Blades
  4532 | Ossuary  | XOM: summons 1 hostile shadow creature
  4651 | D:5      | XOM: draining
  4730 | D:5      | HP: 22/50 [acid (6)]
  4832 | D:5      | XOM: give mutations
  4832 | D:5      | Gained mutation: You possess an exceptional clarity of
                  | mind. [Xom's mischief]
  4832 | D:5      | Lost mutation: You expend magic power (3 MP) to strengthen
                  | your wands. [Xom's mischief]
  4832 | D:5      | Gained mutation: You are surrounded by a mild repulsion
                  | field. (EV +2) [Xom's mischief]
  4832 | D:5      | Gained mutation: You are partially covered in yellow
                  | scales. (AC +2) [Xom's mischief]
  4886 | D:5      | XOM: mild Conj miscast
  4909 | D:5      | XOM: smoke on damage
  4987 | D:5      | Found a stormy altar of Qazlal.
  4988 | D:5      | Found a white marble altar of Elyvilon.
  5221 | D:6      | XOM: stat loss: -1 Dex (12/14)
  5374 | D:6      | Learned a level 1 spell: Apportation
  5487 | D:6      | XOM: smoke on damage
  5568 | D:6      | Found a sparkling altar of Nemelex Xobeh.
  5577 | D:6      | XOM: mild Fire miscast
  5580 | D:6      | Reached XP level 9. HP: 31/55 MP: 11/11
  5585 | D:6      | HP: 10/55 [orc warrior/+0 glaive (23)]
  5588 | D:6      | Mangled by an orc warrior

Skill      XL: |  1  2  3  4  5  6  7  8 |
---------------+-------------------------+-----
Dodging        | 3 4 5 |  5.9
Short Blades   | 5 6 7 8 |  8.0
Fighting       | 4 5 6 |  6.0
Stealth        | 1 2 4 |  4.7
Evocations     | 1 2 3 |  3.8
Long Blades    | 2 |  2.9
Armour         | |  0.7

Action                   |  1- 3 |  4- 6 |  7- 9 || total
-------------------------+-------+-------+-------++-------
Melee: Short sword       |    76 |   204 |    66 ||   346
       Scimitar          |       |       |   205 ||   205
Evoke: Wand              |       |       |     1 ||     1
  Use: Scroll            |       |    11 |     3 ||    14
       Potion            |       |     1 |       ||     1
 Stab: Sleeping          |       |     2 |     7 ||     9
       Confused          |       |       |     1 ||     1
  Eat: Chunk             |     7 |     8 |     9 ||    24
Armor: Leather armour    |    20 |    24 |    69 ||   113
Dodge: Dodged            |    47 |   138 |   207 ||   392
       Deflected         |       |       |     1 ||     1
       Rpst.: Scimitar   |       |       |    50 ||    50

Levels and vault maps discovered:
D:1:      scummos_arrival_simple_crosswalls, layout_loops_cross,
          minmay_quantized
D:2:      layout_loops_ring, chequers_ecumenical_altar_twisty,
          uniq_crazy_yiuf_cottage, uniq_robin, uniq_terence
D:3:      layout_loops_ring, vehumet_crystals
D:4:      layout_cave_pods, minmay_temple_entry_mist
D:5:      layout_basic, gammafunk_temple_overflow_pools, enter_ossuary_2,
          first_ration
D:6:      layout_loops_cross, zin_angel, nemelex_xobeh_ov_fountains_minmay,
          uniq_pikel
Ossuary:  ossuary_zaba_two_paths
